 Dungeon Crawl Stone Soup version 0.17.1-2-g5865329 (webtiles) character file.

546 Raftile the Skirmisher (level 7, -4/61 HPs)
             Began as a Hill Orc Abyssal Knight on Feb 16, 2016.
             Was a Priest of Lugonu.
             Killed by divine providence
             ... invoked by an orc priest
              (17 damage)
             ... on level 4 of the Dungeon.
             The game lasted 00:28:35 (2951 turns).

Raftile the Skirmisher (Hill Orc Abyssal Knight)    Turns: 2951, Time: 00:28:35

Health: -4/61      AC:  7    Str: 16    XL:     7   Next: 28%
Magic:  3/3        EV: 12    Int: 12    God:    Lugonu [***...]
Gold:   48         SH:  0    Dex: 11    Spells: 0 memorised, 6 levels left

rFire  + . .     SeeInvis .     H - +3 flail of Shrieking Terror {antimagic, rPois}
rCold  . . .     Clarity  .     o - +3 leather armour
rNeg   . . .     SustAt   .     (no shield)
rPois  +         Gourm    .     (no helmet)
rElec  .         Spirit   .     (no cloak)
rCorr  .         Warding  .     r - +0 pair of gloves
rMut   .         Rnd*Tele +     (no boots)
MR     .....                    (no amulet)
Stlth  +.........               a - ring of protection from fire
                                k - ring of teleportation

@: not resistant to hostile enchantments, very unstealthy
A: no striking features
a: Depart the Abyss, Bend Space, Banish, Renounce Religion, Convert to Beogh,
Evoke Teleportation


You were on level 4 of the Dungeon.
You worshipped Lugonu.
Lugonu was most pleased with you.
You were not hungry.

You visited 1 branch of the dungeon, and saw 4 of its levels.
You visited the Abyss 1 time.

You collected 209 gold pieces.
You spent 161 gold pieces at shops.

Inventory:

Hand Weapons
 d - a +2 mace of protection
 v - a +0 hand axe
 E - a +2 hand axe of electrocution
 H - the +3 flail of Shrieking Terror (weapon) {antimagic, rPois}
   (You bought it in a shop on level 4 of the Dungeon)

   It disrupts the flow of magical energy around spellcasters and certain
   magical creatures (including the wielder).
   It protects you from poison.
Missiles
 g - 106 stones
 h - 30 poisoned needles
 l - 15 bolts
 u - 49 sling bullets
 C - 38 arrows
 I - 2 tomahawks (quivered)
Armour
 j - a +1 pair of boots
 m - a +0 plate armour
 o - a +3 leather armour (worn)
 r - a +0 pair of gloves (worn)
 z - a +1 robe of cold resistance
 B - a +0 shield
Jewellery
 a - a ring of protection from fire (right hand)
 k - a ring of teleportation (left hand)
Scrolls
 f - 2 scrolls of remove curse
 p - a scroll of immolation {unknown}
 x - 6 scrolls of identify
 D - a scroll of enchant armour {unknown}
 F - 2 scrolls of magic mapping {unknown}
 G - a scroll of recharging {unknown}
Potions
 b - a potion of agility
 e - 2 potions of heal wounds {unknown}
 i - 2 potions of curing
 n - a potion of resistance
 t - a potion of magic {unknown}
 w - 2 potions of haste {unknown}
Miscellaneous
 y - a plain deck of defence
Comestibles
 c - 4 bread rations
 q - a meat ration
 s - 4 fruits
 A - 6 chunks of flesh


   Skills:
 + Level 5.5 Fighting
 + Level 4.7 Maces & Flails
 + Level 0.6 Throwing
 + Level 3.2 Armour
 + Level 3.4 Dodging
 + Level 0.8 Stealth
 + Level 3.1 Invocations
 + Level 0.2 Evocations


You had 6 spell levels left.
You didn't know any spells.

Dungeon Overview and Level Annotations

Branches:
Dungeon (4/15)             Temple (0/1) D:4

Altars:
Nemelex Xobeh

Shops:
D:4 (


Message History

You barely miss the orc priest.
The orc priest is almost dead.
The orc priest calls down the wrath of Beogh upon you.
Something smites you!
* * * LOW HITPOINT WARNING * * *
The orc priest misses you.
You barely miss the orc priest.
The orc priest is almost dead.
The orc priest closely misses you.
You barely miss the orc priest.
The orc priest is almost dead.
The orc priest hits you but does no damage.
You thump the orc priest!
You kill the orc priest!
Lugonu accepts your kill.
You sock the orc priest!
The orc priest is severely wounded.
The orc priest calls down the wrath of Beogh upon you.
Something smites you!
You die...

. ###....###
#...... .
#####........#
##......# .##
#............#
##......## ..
..#####....###
#...o....# .8
#.).)....#
.?.......
.#######.###....#
###....o...
.........# #....#
##...$..o...
#.#.######
#....###.)###....#.
..#.# #....@oo.##
###.# ###..
#....##### ####.# #
#.....# .###...#
#...... ∩......#
.........
#####<............#
###### ..........#
....... ...######.#
#####..


You could see an orc priest and an orc.

Vanquished Creatures
  An ogre (D:3)
  A crimson imp (D:3)
  5 orc wizards
  2 orc priests (D:4)
  2 worker ants (D:4)
  8 gnolls
  An adder (D:3)
  An ooze (D:4)
  A worm (D:2)
  3 giant geckos
  21 orcs
  2 ball pythons (D:3)
  5 goblins
  3 hobgoblins
  9 jackals
  A quokka (D:4)
  4 bats
  2 giant newts (D:2)
  9 kobolds
  8 rats
89 creatures vanquished.

Notes
Turn   | Place    | Note
--------------------------------------------------------------
     0 | Abyss:1  | Raftile the Hill Orc Abyssal Knight began the quest for the Orb.
     0 | Abyss:1  | Reached XP level 1. HP: 19/19 MP: 2/2
    35 | Abyss:1  | Noticed a ynoxinul
    44 | Abyss:1  | Noticed a chaos spawn
    52 | Abyss:1  | Noticed a tentacled monstrosity
    56 | Abyss:1  | Noticed an apocalypse crab
    63 | D:1      | Escaped the Abyss
   449 | D:1      | Reached XP level 2. HP: 24/27 MP: 4/4
   480 | D:1      | Reached * piety under Lugonu
   486 | D:1      | Reached skill level 1 in Dodging
  1027 | D:1      | You fall through a shaft!
  1097 | D:2      | Reached skill level 4 in Fighting
  1167 | D:2      | Reached XP level 3. HP: 29/33 MP: 5/5
  1569 | D:3      | Reached ** piety under Lugonu
  1585 | D:3      | Reached XP level 4. HP: 14/41 MP: 6/6
  1662 | D:3      | Reached XP level 5. HP: 18/47 MP: 7/7
  1818 | D:3      | Found a sparkling altar of Nemelex Xobeh.
  2276 | D:3      | Noticed an ogre
  2285 | D:3      | Killed an ogre
  2285 | D:3      | Reached XP level 6. HP: 55/55 MP: 8/8
  2451 | D:4      | Reached skill level 5 in Fighting
  2615 | D:4      | Found a staircase to the Ecumenical Temple.
  2771 | D:4      | Reached XP level 7. HP: 44/61 MP: 9/9
  2817 | D:4      | Found Yhufrad's Antique Weapon Shop.
  2834 | D:4      | Reached *** piety under Lugonu
  2839 | D:4      | Bought an ebony flail for 161 gold pieces
  2840 | D:4      | Identified the +3 flail of Shrieking Terror {antimagic, rPois} (You bought it in a shop on level 4 of the Dungeon)
  2951 | D:4      | Killed from afar by an orc priest

Action                   |  1- 3 |  4- 6 |  7- 9 || total
-------------------------+-------+-------+-------++-------
Melee: Mace              |   139 |   190 |     8 ||   337
       Flail             |       |       |    24 ||    24
Throw: Stone             |     6 |     9 |       ||    15
Invok: Depart the Abyss  |     1 |       |       ||     1
 Abil: Evoke Teleportati |       |     1 |       ||     1
  Use: Scroll            |       |     3 |       ||     3
       Potion            |       |     1 |       ||     1
  Eat: Chunk             |     2 |     5 |     1 ||     8
